Map: Frozen Temple

Players

Miszu - Winner!

  • Race: Terran Terran
  • League: Master

llllllllllll

  • Race: Zerg Zerg
  • League: Master

VOD

Have the link to the VOD?

Description

Time

  • Played on: May 10, 2016, 9:06 a.m.
  • Length: 12:57
Show
View Real Time Build Order
Export as new Build Order

Miszu Terran - Winner!

Build Orders: Reaper Expand, Hellion Banshee 

Get SALT Encoding   

  12  0:01  SCV  
  13  0:13  SCV  
  14  0:17  Supply Depot  
  14  0:25  SCV  
  15  0:39  SCV  
  15  0:41  Barracks  
  16  0:44  Refinery  
  16  0:51  SCV  
  17  1:03  SCV  
  18  1:15  SCV  
  19  1:29  Reaper, Orbital Command  
  20  1:44  Command Center  
  20  1:53  Supply Depot  
  20  1:54  SCV  
  21  2:01  Marine  
  21  2:06  SCV  
  23  2:10  Factory  
  23  2:18  Refinery  
  23  2:19  SCV  
  24  2:26  Barracks Reactor  
  24  2:33  SCV  
  25  2:45  SCV  
  26  2:57  SCV  
  27  2:59  Starport  
  27  3:04  Orbital Command  
  27  3:10  Hellion  
  27  3:11  Hellion  
  31  3:17  SCV  
  32  3:20  Barracks Tech Lab  
  32  3:29  SCV  
  32  3:32  Hellion  
  35  3:34  Hellion  
  35  3:36  Supply Depot, SCV  
  37  3:41  SCV  
  37  3:46  Barracks Reactor  
  38  3:48  SCV  
  38  3:49  Banshee  
  38  3:53  Hellion, SCV  
  45  3:57  Hellion  
  45  4:00  SCV  
  45  4:02  Supply Depot  
  48  4:05  SCV  
  49  4:18  SCV  
  49  4:19  SCV  
  49  4:22  Command Center  
  51  4:29  Supply Depot  
  51  4:30  SCV  
  53  4:31  SCV  
  53  4:32  Liberator x2  
  53  4:33  Armory  
  53  4:39  Refinery x2  
  53  4:42  Supply Depot, SCV  
  53  4:43  SCV  
  61  4:54  SCV  
  61  4:59  SCV  
  63  5:06  Hellion x2  
  67  5:08  SCV  
  67  5:11  Supply Depot, SCV  
  69  5:20  SCV  
  70  5:23  SCV  
  70  5:27  Liberator x2  
  71  5:31  Starport  
  71  5:32  Starport, SCV  
  72  5:36  SCV  
  79  5:53  SCV  
  79  5:54  SCV  
  70  6:06  SCV, Orbital Command  
  70  6:07  Hellion  
  70  6:08  Hellion, Starport Tech Lab  
  70  6:09  SCV  
  75  6:12  Fusion Core  
  75  6:14  Terran Ship Weapons Level 1  
  75  6:23  Banshee  
  75  6:24  SCV x2, Liberator  
  80  6:26  Supply Depot  
  80  6:29  Banshee  
  80  6:32  Hellion x2  
  87  6:33  Orbital Command  
  87  6:36  SCV x2  
  89  6:45  Supply Depot  
  89  6:46  Liberator  
  92  6:47  Supply Depot  
  92  6:48  SCV x2  
  92  6:53  Hellion x2  
  95  7:00  SCV x3  
  98  7:07  Refinery  
  98  7:08  Refinery  
  101  7:11  Supply Depot, Banshee  
  101  7:12  Supply Depot, SCV x2  
  101  7:13  SCV  
  107  7:19  Banshee  
  107  7:21  Cloaking Field  
  110  7:24  Liberator, SCV x2  
  110  7:25  SCV  
  113  7:36  Supply Depot, SCV  
  113  7:37  SCV x2  
  116  7:38  Liberator  
  116  7:41  Supply Depot  
  119  7:48  Starport, SCV  
  119  7:49  Starport, SCV x2  
  122  7:51  Engineering Bay  
  122  7:58  Hellion  
  127  8:00  Supply Depot, SCV  
  127  8:01  SCV x2, Banshee  
  127  8:03  Supply Depot  
  133  8:05  Banshee  
  136  8:16  Supply Depot  
  136  8:17  Command Center, Terran Ship Weapons Level 2  
  136  8:21  Missile Turret  
  136  8:22  Missile Turret  
  136  8:26  Missile Turret  
  136  8:30  Missile Turret x2  
  136  8:31  Liberator  
  136  8:35  Hellion x2  
  136  8:40  Factory  
  140  8:44  Starport Tech Lab x2, Banshee  
  140  8:47  Liberator  
  146  8:48  Liberator  
  146  8:59  Hellion x2  
  150  9:03  Banshee  
  159  9:10  Supply Depot  
  159  9:11  Supply Depot x2  
  159  9:17  Liberator x2  
  159  9:20  Hellion  
  153  9:35  Hellion x2  
  164  9:41  Supply Depot x2, Hellion  
  164  9:42  Supply Depot  
  83  9:45  Liberator x2  
  164  9:46  Liberator x2  
  159  9:57  Hellion x2  
  146  10:08  Liberator x2  
  146  10:15  Missile Turret x2  
  146  10:17  Refinery  
  146  10:18  Factory Tech Lab  
  146  10:20  Refinery  
  146  10:21  Missile Turret  
  143  10:28  Liberator  
  149  10:33  Planetary Fortress  
  149  10:35  Missile Turret  
  147  10:46  Hellion  
  147  10:47  Hellion x2  
  147  10:48  Infernal Pre-Igniter, Missile Turret  
  156  11:00  Hellion x4  
  156  11:07  Liberator x2  
  156  11:08  Hellion  
  158  11:19  Hellion x2  
  158  11:25  Banshee  
  171  11:29  Hellion  
  171  11:31  Missile Turret  
  173  11:33  Missile Turret x2  
  173  11:38  Command Center  
  173  11:40  Hellion, Liberator  
  173  11:41  Hellion  
  175  11:51  Hellion  
  175  11:53  Factory  
  177  11:54  Factory, Armory  
  177  11:57  Command Center  
  180  12:02  Hellion x2  
  184  12:12  Hellion  
  195  12:23  Hellion  
  195  12:24  Hellion  
  195  12:26  Command Center  
Show
View Real Time Build Order
Export as new Build Order

llllllllllll Zerg 

Build Orders: Hatch First 

Get SALT Encoding   

  12  0:01  Drone  
  13  0:13  Drone  
  14  0:17  Overlord  
  14  0:22  Extractor  
  14  0:23  Drone  
  15  0:37  Drone x2  
  17  0:53  Hatchery  
  16  0:57  Drone  
  16  1:02  Drone  
  18  1:15  Spawning Pool  
  18  1:16  Drone  
  18  1:19  Drone  
  18  1:22  Extractor  
  18  1:33  Drone  
  19  1:43  Overlord  
  19  1:52  Drone  
  20  2:02  Queen  
  20  2:03  Zergling x2  
  20  2:05  Zergling x2  
  20  2:06  Queen  
  26  2:12  Drone  
  27  2:16  Zergling x2  
  28  2:25  Drone  
  28  2:26  Drone  
  30  2:33  Drone  
  30  2:35  Metabolic Boost  
  30  2:39  Drone  
  31  2:47  Overlord  
  31  2:49  Drone  
  32  2:57  Drone  
  33  3:01  Drone  
  34  3:06  Zergling x2  
  34  3:10  Zergling x2  
  36  3:16  Drone x3  
  36  3:17  Drone  
  39  3:21  Overlord  
  39  3:22  Zergling x4  
  39  3:26  Spore Crawler  
  40  3:29  Drone  
  40  3:31  Hatchery  
  40  3:32  Drone  
  41  3:41  Drone  
  43  3:44  Overlord  
  43  3:45  Queen  
  43  3:46  Drone  
  46  3:48  Drone  
  46  3:49  Drone  
  48  3:56  Drone x2  
  48  3:57  Overlord, Drone  
  48  4:02  Overlord  
  51  4:09  Zergling x4  
  52  4:17  Zergling x2  
  52  4:18  Drone x4  
  52  4:21  Roach Warren  
  52  4:23  Queen  
  58  4:26  Zergling x2  
  59  4:34  Zergling x2  
  60  4:39  Drone  
  60  4:40  Drone  
  60  4:41  Extractor  
  60  4:42  Extractor  
  60  4:46  Zergling x4  
  60  4:47  Zergling x2  
  60  4:48  Drone x2  
  60  4:49  Drone x2  
  67  4:53  Overlord  
  67  4:54  Drone  
  67  4:58  Drone  
  69  5:03  Drone  
  70  5:10  Extractor, Lair  
  70  5:13  Drone x3  
  72  5:15  Drone  
  72  5:18  Zergling x4  
  72  5:19  Zergling x2  
  73  5:22  Queen  
  73  5:23  Zergling x2  
  73  5:25  Zergling x2  
  73  5:28  Zergling x8, Spine Crawler  
  77  5:30  Zergling x2  
  77  5:32  Zergling x4  
  81  5:36  Zergling x2  
  81  5:41  Queen  
  81  5:44  Zergling x4  
  81  5:45  Zergling x2  
  82  5:52  Zergling x4  
  82  5:53  Drone x2  
  70  5:57  Drone  
  70  6:00  Drone  
  70  6:01  Drone  
  70  6:02  Spore Crawler  
  69  6:06  Spore Crawler  
  69  6:08  Spore Crawler  
  69  6:10  Zergling x4  
  69  6:12  Spore Crawler  
  69  6:13  Drone x4  
  72  6:20  Drone  
  72  6:22  Spire  
  72  6:24  Drone x4  
  77  6:25  Drone  
  77  6:31  Drone  
  77  6:32  Drone x2  
  80  6:38  Drone x3  
  80  6:47  Drone x3  
  80  6:51  Drone  
  80  6:52  Drone  
  85  6:54  Drone  
  85  6:59  Extractor  
  85  7:00  Drone x3  
  88  7:01  Extractor  
  88  7:02  Evolution Chamber  
  88  7:03  Evolution Chamber  
  88  7:07  Drone x4  
  88  7:08  Drone  
  90  7:09  Overlord x2  
  90  7:12  Overlord  
  90  7:15  Overlord  
  90  7:30  Hatchery  
  90  7:35  Mutalisk x6  
  100  7:37  Mutalisk  
  100  7:39  Mutalisk  
  100  7:41  Mutalisk  
  100  7:43  Mutalisk  
  106  7:46  Mutalisk  
  106  7:48  Mutalisk  
  106  7:50  Mutalisk  
  114  7:55  Overlord  
  114  8:07  Zerg Flyer Armor Level 1  
  114  8:08  Overlord  
  114  8:12  Mutalisk x2  
  114  8:13  Mutalisk x2  
  114  8:15  Overlord  
  122  8:24  Overlord x2  
  122  8:26  Mutalisk  
  124  8:27  Extractor x2, Mutalisk x3  
  124  8:30  Drone x2  
  129  8:36  Drone  
  129  8:37  Drone x7  
  129  8:40  Hydralisk Den, Drone  
  137  8:43  Drone x3  
  137  8:47  Glial Reconstitution  
  140  8:52  Infestation Pit  
  140  8:53  Mutalisk  
  137  8:59  Zergling x6  
  140  9:03  Spore Crawler  
  140  9:04  Spore Crawler  
  140  9:05  Spore Crawler x2  
  140  9:09  Mutalisk  
  138  9:20  Mutalisk x2  
  125  9:27  Zergling x4  
  125  9:28  Zergling x8  
  132  9:33  Mutalisk  
  132  9:36  Hydralisk x2  
  132  9:37  Zergling x2  
  132  9:38  Zergling x12  
  134  9:40  Mutalisk  
  130  9:51  Hydralisk x2  
  119  9:55  Hydralisk  
  119  9:57  Overseer  
  119  9:59  Hydralisk  
  113  10:09  Hatchery  
  113  10:11  Hydralisk x2  
  116  10:17  Hydralisk  
  116  10:21  Hydralisk  
  118  10:24  Hive  
  118  10:26  Hydralisk  
  122  10:32  Hydralisk x3  
  128  10:43  Hatchery  
  128  10:46  Hydralisk  
  128  10:48  Hydralisk  
  131  10:52  Hydralisk  
  131  10:56  Hydralisk  
  133  11:01  Hydralisk  
  133  11:04  Overlord  
  137  11:13  Hydralisk  
  137  11:18  Overlord  
  139  11:19  Muscular Augments  
  139  11:23  Drone x3  
  139  11:24  Drone  
  143  11:32  Hydralisk  
  143  11:33  Hydralisk  
  143  11:36  Overseer x2  
  143  11:37  Overseer  
  143  11:49  Hydralisk x4  
  143  11:51  Hydralisk  
  153  12:02  Hydralisk x4  
  153  12:06  Hydralisk  
  163  12:13  Overlord x2  
  161  12:20  Overlord  
  161  12:23  Hydralisk  
  163  12:30  Hydralisk x2  
Tags
 
Add a new tag
Caveats
  • Supply blocks, unpowered buildings, or Contaminate may cause inaccurate times.
  • Supply counts are checked every 10 seconds.